 Seeded DCSS version 0.30.1-4-g462c640d31 (webtiles) character file.

Game seed: 6351066067085065685 (custom seed)

8 Esekla the Grave Robber (level 2, -2/15 HPs)
             Began as a Deep Elf Necromancer on Aug 27, 2023.
             Was an Initiate of Vehumet.
             Slain by a black bear (8 damage)
             ... on level 2 of the Dungeon.
             The game lasted 00:06:17 (1114 turns).

Esekla the Grave Robber (Deep Elf Necromancer)      Turns: 1114, Time: 00:06:17

Health: -2/15      AC:  4    Str:  5    XL:     2   Next: 0%
Magic:  8/8        EV: 12    Int: 19    God:    Vehumet [......]
Gold:   92         SH:  0    Dex: 15    Spells: 6/7 levels left

rFire   . . .        e - +1 short sword (freeze)
rCold   . . .        (no shield)
rNeg    . . .        a - +0 robe
rPois   .            i - +0 helmet
rElec   .            (no cloak)
rCorr   .            n - +0 pair of gloves
SInv    .            (no boots)
Will    .....        (no amulet)
Stlth   ++           (no ring)
HPRegen 0.22/turn    (no ring)
MPRegen 0.11/turn

%: no passive effects
@: attractive
A: no striking features
a: Renounce Religion


You were on level 2 of the Dungeon.
You worshipped Vehumet.
Vehumet was noncommittal.
You visited 1 branch of the dungeon, and saw 5 of its levels.

You collected 92 gold pieces.

Inventory:

Hand Weapons
 e - a +1 short sword of freezing (weapon)
Armour
 a - a +0 robe (worn)
 i - a +0 helmet (worn)
 n - a +0 pair of gloves (worn)
Scrolls
 f - 3 scrolls of identify {unknown}
 k - 2 scrolls of enchant weapon {unknown}
 l - a scroll of amnesia {unknown}
 m - a scroll of enchant armour {unknown}
Potions
 b - a potion of magic
 c - a potion of curing {unknown}
 d - a potion of ambrosia {unknown}
 g - a potion of heal wounds {unknown}
 h - a potion of attraction
 j - a potion of mutation {unknown}


   Skills:
 * Level 2.6 Dodging
 + Level 2.8 Stealth
 * Level 3.0 Spellcasting
 + Level 5.1 Necromancy


You had 6 spell levels left.
You knew the following spells:

 Your Spells              Type           Power      Damage    Failure   Level
a - Necrotise             Necr           88%        1d8       1%          1

Your spell library contained the following spells:

 Spells                   Type           Power      Damage    Failure   Level
 Vampiric Draining        Necr           22%        2d7       5%          3
 Animate Dead             Necr           22%        N/A       19%         4
 Agony                    Necr           22%        N/A       45%         5


Dungeon Overview and Level Annotations

Branches:
Dungeon (5/15)
 Temple: D:4-7

Altars:
Okawaru
Vehumet
Zin

Shops:
D:4 (


Message History

You finish putting on your +0 pair of gloves.
You now have 92 gold pieces (gained 15).
Found a stone staircase leading down.
You open the door.
There is an open door here.
There is a stone staircase leading down here.
You climb downwards.
The iguana hisses angrily.
There is a stone staircase leading up here.
You climb upwards.
There is a stone staircase leading down here.
A gnoll and an orc come into view.
The gnoll shouts!
You hear a shout! x2
An orc comes into view. It is wielding a +0 trident.
A gnoll comes into view. It is wielding a +0 whip.
The orc shouts!
You hear a shout!
The orc shouts!
There is a stone staircase leading up here.
You climb upwards.
There is a stone staircase leading down here.
You open the door.
There is an open door here.
An orc is nearby!
The orc shouts! x2
There is an open door here.
There is an open door here.
There is a stone staircase leading up here.
You climb upwards.
The black bear bites you. The black bear claws you. x2
There is a stone staircase leading down, spattered with blood here.
Okay, then.
Okay, then.
The black bear attacks as you move away!
The black bear bites you. The black bear closely misses you.
The black bear barely misses you.
Okay, then.
It was a potion of attraction.
You feel attractive to monsters. The black bear bites you!
Ouch! That really hurt!
You die...

############
........@h.#
######.##>#
#.......#.#
#.####..#.###
#......############
#.................#
#.###..##########.#
...# #.<# #.# ###.#
#..# #.#


You could see a black bear.

Vanquished Creatures
  An endoplasm (D:3)
  2 goblins (D:3)
  2 bats (D:3)
  A frilled lizard (D:3)
  3 kobolds
9 creatures vanquished.

Notes
Turn   | Place    | Note
-------+----------+-------------------------------------------
     0 | D:1      | Esekla the Deep Elf Necromancer began the quest for the
                  | Orb.
     0 | D:1      | Reached XP level 1. HP: 10/10 MP: 6/6
   267 | D:2      | Noticed a black bear
   426 | D:4      | Found a radiant altar of Vehumet.
   430 | D:4      | Became a worshipper of Vehumet
   461 | D:4      | Found an iron altar of Okawaru.
   472 | D:4      | Found a glowing silver altar of Zin.
   547 | D:4      | Found Ponaysk's Antique Weapon Boutique.
   712 | D:3      | Reached skill level 5 in Necromancy
   845 | D:4      | Reached XP level 2. HP: 15/15 MP: 8/8
   878 | D:5      | Entered Level 5 of the Dungeon
  1114 | D:2      | Slain by a black bear

Illustrated notes

Levels and vault maps discovered:
D:1:      sevenhm_arrival_forest_fort_small_3, layout_rooms,
          chequers_serial_rivers_room_b, minmay_misc_feat_five
D:2:      layout_loops_ring, dreamdust_ecumenical_altar_angels_and_demons,
          serial_shops, shop
D:3:      layout_basic, grunt_temple_overflow_open, minmay_misc_feat_iff
D:4:      layout_basic, nicolae_overflow_quartered_altars, serial_shops,
          nicolae_diamond_shop
D:5:      layout_loops_ring, lemuel_doored_altar, minmay_misc_feat_rows,
          dreamdust_wishing_well

Skill      XL: |  1 |
---------------+----+-----
Necromancy     | 5 |  5.1
Dodging        | |  2.6
Stealth        | |  2.8
Spellcasting   | |  3.0

Action                     || total
---------------------------++-------
  Melee: Short sword       ||    16
         Unarmed           ||     9
    Use: Scroll            ||     1
         Potion            ||     1
   Stab: Sleeping          ||     3
 Armour: Robe              ||     5
  Dodge: Dodged            ||    20
